cohdb
Replays
Latest Replays
All Replays
Popular Replays
Top Player Replays
Match Explorer
How It Works
Community
CoH3 Stats
Reddit
Sign in to upload your games and track your stats! →
Sign in with Steam
Match 26288268
Unlisted
Match 26288268
Overview
Messages
Build Orders
End
Construct Infanterie Kompanie
Selects Breakthrough Battlegroup
Selects Assault Grenadiers
MG 42 Machine Gun Team
GrW 34 Mortar Team
Grenadier Squad
Grenadier Squad
Construct Panzergrenadier Kompanie
Selects Rapid Production
251 Medium Carrier
Panzergrenadier Squad
Construct Panzer Kompanie
Sturmpanzer IV Brummbär
Selects Smoke Bombing Run
Selects Incendiary Bombing Run
Panzer IV Medium Tank
Side Skirts
Panzergrenadier Squad
Pioneer Squad
Big Steppa#Stomped
Jafar
Joraad
STONEgolem
tayon
batu182
twotwentytwo
apicton
0
0
Comments
sign in to comment!
No comments posted yet!